SR
QUEBEC CITY BABY BLUES @ FRANKLIN FIRE
08/25/2041
 
TOP OF THE 1ST
Quebec City Baby Blues batting - Pitching for Franklin Fire : RHP Will Bass
Pitching: RHP Will Bass
Batting: LHB Harry Wheelock 0-0: DOUBLE (Line Drive, 9LM, EV 110.6 MPH)
Batting: LHB Kalino Iolana 0-0: Ball
1-0: Called Strike
1-1: Ball
2-1: Fly out, F8 (Flyball, 8LS, EV 98.1 MPH)
Batting: RHB António Orozco 0-0: SINGLE (Line Drive, 56D, EV 102.5 MPH)
Harry Wheelock to third
Batting: RHB Steve Turner 0-0: Called Strike
0-1: Foul Ball, location: 2F
0-2: Ball
1-2: Ball
2-2: Strikes out swinging
Batting: RHB Luc Leroux 0-0: Ball
1-0: Ball
2-0: Called Strike
2-1: Swinging Strike
2-2: Strikes out swinging
Top of the 1st over - 0 runs, 2 hits, 0 errors, 2 left on base; Quebec City 0 - Franklin 0
BOTTOM OF THE 1ST
Franklin Fire batting - Pitching for Quebec City Baby Blues : RHP Norm Wells
Pitching: RHP Norm Wells
Batting: LHB Will Blalock 0-0: Ball
1-0: Foul Ball, location: 2F
1-1: Foul Ball, location: 2F
1-2: Ball
2-2: Strikes out swinging
Batting: LHB Trevor Smith 0-0: Ball
1-0: Foul Ball, location: 2F
1-1: Ball
2-1: Ball
3-1: Foul Ball, location: 2F
3-2: Base on Balls
Batting: LHB Jorge Leyva 0-0: Called Strike
0-1: Called Strike
0-2: Foul Ball, location: 2F
0-2: SINGLE (Flyball, 9LS, EV 90.6 MPH)
Trevor Smith to second
Runner from 2nd tries for 3rd, SAFE, throw by RF made to third
Batting: RHB Felino Edrada 0-0: Foul Ball, location: 2F
0-1: Called Strike
0-2: Ball
1-2: Ball
2-2: Ground out 5-3 (Groundball, 56S, EV 74.4 MPH)
Trevor Smith scores
Jorge Leyva to second
Batting: LHB John Campbell 0-0: Ball
1-0: Called Strike
1-1: Foul Ball, location: 2F
1-2: Foul Ball, location: 2F
1-2: Foul Ball, location: 2F
1-2: Strikes out swinging
Bottom of the 1st over - 1 run, 1 hit, 0 errors, 1 left on base; Quebec City 0 - Franklin 1
TOP OF THE 2ND
Quebec City Baby Blues batting - Pitching for Franklin Fire : RHP Will Bass
Batting: RHB Gregory Jones 0-0: Ball
1-0: Ball
2-0: Ball
3-0: Called Strike
3-1: Foul Ball, location: 2F
3-2: Strikes out swinging
Batting: LHB George McLean 0-0: Ball
1-0: Called Strike
1-1: Ball
2-1: Called Strike
2-2: DOUBLE (Line Drive, 89XD, EV 103.1 MPH)
Batting: RHB Chris Sanders 0-0: Called Strike
0-1: Foul Ball, location: 2F
0-2: Ball
1-2: Fly out, F7 (Flyball, 7LS, EV 90.0 MPH)
Batting: SHB Qing-lai Mak 0-0: Ball
1-0: Ball
2-0: Called Strike
2-1: Called Strike
2-2: Fly out, F8 (Flyball, 8LD, EV 102.5 MPH)
Top of the 2nd over - 0 runs, 1 hit, 0 errors, 1 left on base; Quebec City 0 - Franklin 1
BOTTOM OF THE 2ND
Franklin Fire batting - Pitching for Quebec City Baby Blues : RHP Norm Wells
Batting: LHB Kenny Jones 0-0: Swinging Strike
0-1: Called Strike
0-2: Foul Ball, location: 2F
0-2: Ball
1-2: DOUBLE (Line Drive, 7LM, EV 108.1 MPH)
Batting: RHB Richard Fowler 0-0: Ball
1-0: Foul Ball, location: 2F
1-1: Ball
2-1: SINGLE (Groundball, 6D, EV 98.1 MPH)
Kenny Jones to third
Runner from 3rd tries for Home, SAFE, throw by LF to home
Batting: SHB Ji-hoon Ku 0-0: Called Strike
0-1: Ball
1-1: SINGLE (Line Drive, 6D, EV 103.1 MPH)
Richard Fowler to second
Batting: RHB Wu-ji Shang 0-0: Ball
1-0: DOUBLE (Flyball, 78XD, EV 105.0 MPH)
Richard Fowler scores
Ji-hoon Ku to third
Batting: LHB Will Blalock 0-0: Ground out 4-3 (Groundball, 4, EV 78.8 MPH)
Ji-hoon Ku scores
Wu-ji Shang to third
Batting: LHB Trevor Smith 0-0: SINGLE (Line Drive, 6MD, EV 94.4 MPH)
Wu-ji Shang scores
Batting: LHB Jorge Leyva 0-0: Ball
1-0: Foul Ball, location: 2F
1-1: Ball
2-1: Swinging Strike
2-2: Fly out, F9 (Flyball, 89S, EV 90.6 MPH)
Batting: RHB Felino Edrada 0-0: Called Strike
0-1: Ball
1-1: Called Strike
1-2: Strikes out swinging
Bottom of the 2nd over - 4 runs, 5 hits, 0 errors, 1 left on base; Quebec City 0 - Franklin 5
TOP OF THE 3RD
Quebec City Baby Blues batting - Pitching for Franklin Fire : RHP Will Bass
Batting: LHB Harry Wheelock 0-0: Fly out, F8 (Line Drive, 8RD, EV 93.8 MPH)
Batting: LHB Kalino Iolana 0-0: Ball
1-0: Fly out, F6 (Popup, 4MD, EV 47.5 MPH)
Batting: RHB António Orozco 0-0: Swinging Strike
0-1: Foul Ball, location: 2F
0-2: Foul Ball, location: 2F
0-2: Ball
1-2: Ball
2-2: Fly out, F4 (Line Drive, 4, EV 72.5 MPH)
Top of the 3rd over - 0 runs, 0 hits, 0 errors, 0 left on base; Quebec City 0 - Franklin 5
BOTTOM OF THE 3RD
Franklin Fire batting - Pitching for Quebec City Baby Blues : RHP Norm Wells
Batting: LHB John Campbell 0-0: Called Strike
0-1: Called Strike
0-2: Fly out, F7 (Flyball, 7LMF, EV 88.8 MPH)
Batting: LHB Kenny Jones 0-0: Ball
1-0: Foul Ball, location: 2F
1-1: Swinging Strike
1-2: Ball
2-2: Strikes out swinging
Batting: RHB Richard Fowler 0-0: Fly out, F8 (Flyball, 8LD, EV 93.8 MPH)
Bottom of the 3rd over - 0 runs, 0 hits, 0 errors, 0 left on base; Quebec City 0 - Franklin 5
TOP OF THE 4TH
Quebec City Baby Blues batting - Pitching for Franklin Fire : RHP Will Bass
Batting: RHB Steve Turner 0-0: Ground out 6-3 (Groundball, 6, EV 104.4 MPH)
Batting: RHB Luc Leroux 0-0: Called Strike
0-1: Ball
1-1: DOUBLE (Line Drive, 89D, EV 106.9 MPH)
Batting: RHB Gregory Jones 0-0: Ball
1-0: Foul Ball, location: 2F
1-1: Ball
2-1: Swinging Strike
2-2: Ball
3-2: DOUBLE (Flyball, 8RXD, EV 91.2 MPH)
Luc Leroux scores
Batting: LHB George McLean 0-0: Foul Ball, location: 2F
0-1: Ball
1-1: Ground out 6-3 (Groundball, 56, EV 100.6 MPH)
Pitching: RHP Jun-soo P'il
Batting: RHB Chris Sanders 0-0: Called Strike
0-1: Swinging Strike
0-2: Foul Ball, location: 2F
0-2: Ball
1-2: Foul Ball, location: 2F
1-2: Strikes out swinging
Top of the 4th over - 1 run, 2 hits, 0 errors, 1 left on base; Quebec City 1 - Franklin 5
BOTTOM OF THE 4TH
Franklin Fire batting - Pitching for Quebec City Baby Blues : RHP Norm Wells
Batting: SHB Ji-hoon Ku 0-0: Swinging Strike
0-1: Swinging Strike
0-2: Ball
1-2: Ball
2-2: Foul Ball, location: 2F
2-2: Strikes out swinging
Batting: RHB Wu-ji Shang 0-0: Called Strike
0-1: Swinging Strike
0-2: Strikes out swinging
Batting: LHB Will Blalock 0-0: Called Strike
0-1: SINGLE (Groundball, 4MD, EV 105.6 MPH)
Batting: LHB Trevor Smith 0-0: Ball
1-0: Ball
2-0: Foul Ball, location: 2F
2-1: Ball
3-1: Fly out, F8 (Flyball, 8RD, EV 93.8 MPH)
Bottom of the 4th over - 0 runs, 1 hit, 0 errors, 1 left on base; Quebec City 1 - Franklin 5
TOP OF THE 5TH
Quebec City Baby Blues batting - Pitching for Franklin Fire : RHP Jun-soo P'il
Batting: SHB Qing-lai Mak 0-0: Called Strike
0-1: Ball
1-1: Ball
2-1: Called Strike
2-2: Ball
3-2: Fly out, F7 (Flyball, 7S, EV 81.9 MPH)
Batting: LHB Harry Wheelock 0-0: Called Strike
0-1: Ball
1-1: Fly out, F8 (Flyball, 8LD, EV 87.5 MPH)
Batting: LHB Kalino Iolana 0-0: Swinging Strike
0-1: Called Strike
0-2: Ball
1-2: Foul Ball, location: 2F
1-2: Fly out, F5 (Popup, 5SF, EV 80.6 MPH)
Top of the 5th over - 0 runs, 0 hits, 0 errors, 0 left on base; Quebec City 1 - Franklin 5
BOTTOM OF THE 5TH
Franklin Fire batting - Pitching for Quebec City Baby Blues : RHP Norm Wells
Batting: LHB Jorge Leyva 0-0: SINGLE (Line Drive, 4M, EV 96.9 MPH)
Batting: RHB Felino Edrada 0-0: Grounds into double play, 6-4-3 (Groundball, 6, EV 109.4 MPH)
Batting: LHB John Campbell 0-0: Swinging Strike
0-1: Foul Ball, location: 2F
0-2: Strikes out looking
Bottom of the 5th over - 0 runs, 1 hit, 0 errors, 0 left on base; Quebec City 1 - Franklin 5
TOP OF THE 6TH
Quebec City Baby Blues batting - Pitching for Franklin Fire : RHP Jun-soo P'il
Batting: RHB António Orozco 0-0: Ball
1-0: Swinging Strike
1-1: Ball
2-1: Ball
3-1: Swinging Strike
3-2: Strikes out swinging
Batting: RHB Steve Turner 0-0: Called Strike
0-1: Ball
1-1: Foul Ball, location: 2F
1-2: Foul Ball, location: 2F
1-2: Strikes out swinging
Batting: RHB Luc Leroux 0-0: Ball
1-0: Foul Ball, location: 2F
1-1: Swinging Strike
1-2: Ball
2-2: Strikes out swinging
Top of the 6th over - 0 runs, 0 hits, 0 errors, 0 left on base; Quebec City 1 - Franklin 5
BOTTOM OF THE 6TH
Franklin Fire batting - Pitching for Quebec City Baby Blues : RHP Norm Wells
Batting: LHB Kenny Jones 0-0: Ball
1-0: Ball
2-0: Ground out 5-3 (Groundball, 56, EV 99.4 MPH)
Batting: RHB Richard Fowler 0-0: Ball
1-0: Swinging Strike
1-1: Foul Ball, location: 2F
1-2: Foul Ball, location: 2F
1-2: Foul Ball, location: 2F
1-2: Ground out 6-3 (Groundball, 6M, EV 86.9 MPH)
Batting: SHB Ji-hoon Ku 0-0: Swinging Strike
0-1: Ball
1-1: Ball
2-1: Ball
3-1: Base on Balls
Pitching: RHP Bill Gould
Batting: RHB Wu-ji Shang 0-0: Ball
1-0: Called Strike
1-1: Ball
2-1: Foul Ball, location: 2F
2-2: Ball
3-2: Foul Ball, location: 2F
3-2: Foul Ball, location: 2F
3-2: SINGLE (Groundball, 6MD, EV 94.4 MPH)
Ji-hoon Ku to second
Ji-hoon Ku to third
Batting: LHB Will Blalock 0-0: Called Strike
0-1: Ball
1-1: Called Strike
1-2: Ball
2-2: Strikes out swinging
Bottom of the 6th over - 0 runs, 1 hit, 0 errors, 2 left on base; Quebec City 1 - Franklin 5
TOP OF THE 7TH
Quebec City Baby Blues batting - Pitching for Franklin Fire : RHP Jun-soo P'il
Batting: RHB Gregory Jones 0-0: Ball
1-0: Ball
2-0: Swinging Strike
2-1: Foul Ball, location: 2F
2-2: Ground out 6-3 (Groundball, 6, EV 107.5 MPH)
Batting: LHB George McLean 0-0: Called Strike
0-1: Ball
1-1: Ball
2-1: Swinging Strike
2-2: Strikes out looking
Batting: RHB Chris Sanders 0-0: Fly out, F9 (Flyball, 9LDF, EV 91.9 MPH)
Top of the 7th over - 0 runs, 0 hits, 0 errors, 0 left on base; Quebec City 1 - Franklin 5
BOTTOM OF THE 7TH
Franklin Fire batting - Pitching for Quebec City Baby Blues : RHP Bill Gould
Batting: LHB Trevor Smith 0-0: Ball
1-0: Ball
2-0: Ball
3-0: Called Strike
3-1: Swinging Strike
3-2: Strikes out swinging
Batting: LHB Jorge Leyva 0-0: Foul Ball, location: 2F
0-1: Foul Ball, location: 2F
0-2: Ball
1-2: Ball
2-2: Foul Ball, location: 2F
2-2: Strikes out swinging
Batting: RHB Felino Edrada 0-0: Ball
1-0: Ground out 5-3 (Groundball, 5S, EV 88.8 MPH)
Bottom of the 7th over - 0 runs, 0 hits, 0 errors, 0 left on base; Quebec City 1 - Franklin 5
TOP OF THE 8TH
Quebec City Baby Blues batting - Pitching for Franklin Fire : RHP Jun-soo P'il
Batting: SHB Qing-lai Mak 0-0: Ball
1-0: Swinging Strike
1-1: Called Strike
1-2: Ball
2-2: Strikes out swinging
Batting: LHB Harry Wheelock 0-0: Called Strike
0-1: Ball
1-1: Swinging Strike
1-2: Strikes out swinging
Batting: LHB Kalino Iolana 0-0: Ball
1-0: Called Strike
1-1: SINGLE (Line Drive, 7S, EV 104.4 MPH)
Batting: RHB António Orozco 0-0: Called Strike
0-1: Swinging Strike
0-2: Strikes out swinging
Top of the 8th over - 0 runs, 1 hit, 0 errors, 1 left on base; Quebec City 1 - Franklin 5
BOTTOM OF THE 8TH
Franklin Fire batting - Pitching for Quebec City Baby Blues : RHP Bill Gould
Batting: LHB John Campbell 0-0: Called Strike
0-1: Ground out 2-3 (Groundball, 15S, EV 69.4 MPH)
Batting: LHB Kenny Jones 0-0: Foul Ball, location: 2F
0-1: Fly out, F8 (Flyball, 8RD, EV 106.2 MPH)
Batting: RHB Richard Fowler 0-0: Ground out 4-3 (Groundball, 34, EV 84.4 MPH)
Bottom of the 8th over - 0 runs, 0 hits, 0 errors, 0 left on base; Quebec City 1 - Franklin 5
TOP OF THE 9TH
Quebec City Baby Blues batting - Pitching for Franklin Fire : RHP Jun-soo P'il
Batting: RHB Steve Turner 0-0: Foul Ball, location: 2F
0-1: Foul Ball, location: 2F
0-2: Ball
1-2: Ball
2-2: Ball
3-2: Foul Ball, location: 2F
3-2: Strikes out swinging
Batting: RHB Luc Leroux 0-0: Called Strike
0-1: Ball
1-1: Ball
2-1: Fly out, F8 (Line Drive, 78M, EV 93.1 MPH)
Pitching: RHP Fepiku Alewina
Batting: RHB Gregory Jones 0-0: Foul Ball, location: 2F
0-1: Ball
1-1: Foul Ball, location: 2F
1-2: Ball
2-2: Foul Ball, location: 2F
2-2: Foul Ball, location: 2F
2-2: Foul Ball, location: 2F
2-2: Strikes out looking
Top of the 9th over - 0 runs, 0 hits, 0 errors, 0 left on base; Quebec City 1 - Franklin 5
Tuesday, January 5th, 2021 - OOTP Baseball 20.8 Build 74